 Dungeon Crawl Stone Soup version 0.28.0-43-g3370ac3207 (webtiles) character file.

Game seed: 14979124872325357750

7322 protoss039 the Thaumaturge (level 10, -1/58 HPs)
             Began as a Deep Elf Earth Elementalist on Mar 16, 2022.
             Was a Priest of Sif Muna.
             Slain by a six-headed hydra (9 damage)
             ... on level 10 of the Dungeon.
             The game lasted 00:30:52 (14373 turns).

protoss039 the Thaumaturge (DEEE)                  Turns: 14373, Time: 00:30:53

Health: -1/58      AC:  5    Str:  5    XL:     10   Next: 90%
Magic:  25/30      EV: 17    Int: 25    God:    Sif Muna [***...]
Gold:   564        SH:  0    Dex: 15    Spells: 27/37 levels left

rFire   . . .      SeeInvis .   I - +2 broad axe (flame)
rCold   . . .      Faith    .   (no shield)
rNeg    . . .      Spirit   .   e - +0 robe {Will+}
rPois   .          Reflect  .   (no helmet)
rElec   .          Harm     .   M - +0 cloak
rCorr   .          Rampage  .   K - +0 pair of gloves
Will    ++...                   n - +0 pair of boots
Stlth   ++........              m - amulet of regeneration
HPRegen 0.99/turn               h - +4 ring of evasion
MPRegen 0.22/turn               (no ring)

@: no status effects
A: no striking features
a: Renounce Religion, Channel Magic, Forget Spell


You were on level 10 of the Dungeon.
You worshipped Sif Muna.
Sif Muna was most pleased with you.
You visited 1 branch of the dungeon, and saw 10 of its levels.
You also visited: Ossuary.

You collected 584 gold pieces.
You spent 20 gold pieces at shops.

Inventory:

Hand Weapons
 I - a +2 broad axe of flaming (weapon)
 P - the +7 long sword of a Labyrinth {pain, Str+3}
   (You found it on level 9 of the Dungeon)

   In the hands of one skilled in necromantic magic, it inflicts extra damage on
   living creatures.
   Str:       It affects your strength (+3).
Missiles
 c - 176 stones
 F - a throwing net
Armour
 e - a +0 robe of willpower (worn)
 n - a +0 pair of boots (worn)
 K - a +0 pair of gloves (worn)
 M - a +0 cloak (worn)
Magical Staves
 a - a staff of poison
Jewellery
 h - a +4 ring of evasion (left hand)
 m - an amulet of regeneration (around neck)
 O - an amulet of reflection
Wands
 i - a wand of iceblast (9)
 G - a wand of flame (2)
Scrolls
 b - 2 scrolls of blinking
 d - 6 scrolls of teleportation
 g - 3 scrolls of identify
 j - a scroll of immolation {unknown}
 l - a scroll of enchant weapon {unknown}
 t - a scroll of silence {unknown}
 u - a scroll of vulnerability {unknown}
 x - a scroll of summoning {unknown}
 y - a scroll of enchant armour {unknown}
 D - 3 scrolls of amnesia
 H - a scroll of holy word {unknown}
 J - a scroll of fog
Potions
 f - 8 potions of curing
 k - a potion of berserk rage {unknown}
 p - 4 potions of invisibility
 q - a potion of magic {unknown}
 r - 2 potions of flight
 v - 2 potions of brilliance {unknown}
 w - a potion of haste {unknown}
 z - a potion of ambrosia {unknown}
 A - 3 potions of might {unknown}
 B - 2 potions of attraction {unknown}
 C - 3 potions of cancellation {unknown}
 E - 4 potions of lignification {unknown}


   Skills:
 * Level 4.4 Fighting
 + Level 0.4 Long Blades
 - Level 3.0 Dodging
 - Level 3.0 Stealth
 + Level 14.3 Spellcasting
 + Level 7.0 Conjurations
 * Level 2.8 Transmutations
 - Level 9.0 Earth Magic
 * Level 5.1 Invocations


You had 27 spell levels left.
You knew the following spells:

 Your Spells              Type           Power      Damage    Failure   Level
a - Sandblast             Erth           100%       2d20      1%          1
b - Passwall              Tmut/Erth      39%        N/A       1%          2
c - Stone Arrow           Conj/Erth      100%       3d13      1%          3
d - Petrify               Tmut/Erth      47%        N/A       2%          4

Your spell library contained the following spells:

 Spells                   Type           Power      Damage    Failure   Level
 Gell's Gravitas          Tloc           17%        N/A       10%         3
 Lesser Beckoning         Tloc           17%        N/A       10%         3
 Teleport Other           Tloc           17%        N/A       10%         3
 Dispersal                Tloc           8%         N/A       99%         6


Dungeon Overview and Level Annotations

Branches:
Dungeon (10/15)            Temple (0/1) D:6            Lair (0/6) D:10
    Orc (0/2) D:9         Ossuary (visited)

Altars:
Ashenzari
Cheibriados
Fedhas
Gozag
Hepliaklqana
Kikubaaqudgha
Nemelex Xobeh
Okawaru
Qazlal
Ru
Sif Muna
Wu Jian
The Shining One

Shops:
D:3 (   D:4 ?   D:10 (

Annotations:
D:7 2 transporters, 1 exclusion


Message History

Casting: Stone Arrow (safe; 1% risk of failure)
Confirm with . or Enter, or press ? or * to list all spells.
Aiming: Stone Arrow (safe; 1% risk of failure)
Press: ? - help, Shift-Dir - straight line, f - you, p - eight-headed hydra
Okay, then.
Unknown command.
Casting: Stone Arrow (safe; 1% risk of failure)
Confirm with . or Enter, or press ? or * to list all spells.
Aiming: Stone Arrow (safe; 1% risk of failure)
Press: ? - help, Shift-Dir - straight line, f/p - eight-headed hydra
Aim: an eight-headed hydra (petrifying slowly, 100% to hit)
The stone arrow hits the eight-headed hydra!!
The eight-headed hydra is moderately wounded.
The eight-headed hydra stops moving altogether!
Casting: Stone Arrow (safe; 1% risk of failure)
Confirm with . or Enter, or press ? or * to list all spells.
Aiming: Stone Arrow (safe; 1% risk of failure)
Press: ? - help, Shift-Dir - straight line, f/p - eight-headed hydra
Aim: an eight-headed hydra (moderately wounded, petrified, 100% to hit)
Okay, then.
The helpless eight-headed hydra fails to defend itself.
You slice one of the eight-headed hydra's heads off!
The flame cauterises the wound!
You hit the seven-headed hydra. You burn the seven-headed hydra.
The seven-headed hydra is moderately wounded.
The helpless seven-headed hydra fails to defend itself.
You lop one of the seven-headed hydra's heads off!
The flame cauterises the wound!
You hit the six-headed hydra. You burn the six-headed hydra.
The six-headed hydra is moderately wounded.
The six-headed hydra is no longer petrified.
The six-headed hydra completely misses you.
The six-headed hydra bites you! x2; The six-headed hydra barely misses you.
The six-headed hydra bites you! The six-headed hydra bites you. x2
The six-headed hydra bites you! The six-headed hydra misses you.
The six-headed hydra bites you!
* * * LOW HITPOINT WARNING * * *
The six-headed hydra completely misses you.
The six-headed hydra bites you!
You die...

#.# #.#.##.....##.# #.#
#.#...........# #.#
#.#.....##....# #.#
####.#.....##....#
#.#########.###..♣♣......... #
###............ #..♣♣.....≈≈.. #
#...######.##.#........_..≈≈..
####.#.##...#.##D###.............
.....[>##.#.#.##@# #...##........
..##.####.#.#.##.# ##..##..≈≈...#
....#.....#....#.####.....?≈≈...#
..##.#.#######.[...............#.
.###.#....#...........##.....###.
.# #.#.##.#.#.#[.######.###### #.
.###.#.##.#......# #. #.
......)))......... # ##
######.)#......#.#. ##.


You could see a six-headed hydra.

Vanquished Creatures
  A two-headed ogre (D:9)
  Maurice (D:10)
  A hornet (D:7)
  2 wyverns
  A steam dragon (D:9)
  6 yaks
  2 acid dragons (D:10)
  Duvessa (D:5)
  2 ice beasts (D:6)
  3 sky beasts
  A black bear (D:4)
  A necrophage (D:4)
  5 orc warriors
  2 ogres
  2 centaurs (D:7)
  2 phantoms
  3 kobold brigands
  A water moccasin zombie (D:5)
  2 gnoll sergeants (D:8)
  8 scorpions
  Dowan (D:5)
  4 killer bees (D:9)
  4 wights (D:8)
  A howler monkey (D:5)
  2 centaur zombies
  A crimson imp (D:8)
  3 jellies
  9 orc priests
  A hound (D:7)
  Crazy Yiuf (D:7)
  A gnoll shaman (D:8)
  A centaur skeleton (D:6)
  7 iguanas
  14 orc wizards
  A scorpion zombie (D:5)
  A killer bee zombie (D:9)
  13 mummies (Ossuary)
  19 gnolls
  5 howler monkey zombies
  9 adders
  A shadow imp (D:7)
  An ufetubus (D:5)
  2 worms
  7 dart slugs
  49 orcs
  3 bats
  7 endoplasms
  3 giant cockroaches (D:1)
  6 hobgoblins
  13 jackals
  17 kobolds
  5 quokkas
  6 ball pythons
  4 frilled lizards
  2 gnoll skeletons (Ossuary)
  11 goblins
  4 goblin skeletons
  A goblin zombie (D:8)
  2 hobgoblin zombies (D:8)
  2 kobold skeletons
  A kobold zombie (D:8)
  4 orc skeletons
  3 orc zombies (D:8)
  6 rats
  11 rat skeletons (Ossuary)
  A spectral kobold (D:8)
317 creatures vanquished.

Vanquished Creatures (others)
  5 fungi (D:5)
  47 plants
52 creatures vanquished.

Grand Total: 369 creatures vanquished

Notes
Turn   | Place    | Note
-------+----------+-------------------------------------------
     0 | D:1      | protoss039 the Deep Elf Earth Elementalist began the quest
                  | for the Orb.
     0 | D:1      | Reached XP level 1. HP: 10/10 MP: 6/6
   408 | D:1      | Reached XP level 2. HP: 13/15 MP: 6/8
  1197 | D:1      | Reached XP level 3. HP: 15/19 MP: 7/9
  1949 | D:1      | Learned a level 2 spell: Passwall
  1953 | D:1      | Learned a level 3 spell: Stone Arrow
  2015 | D:2      | Reached skill level 4 in Spellcasting
  2175 | D:2      | Found a faded altar of an unknown god.
  2433 | D:2      | Reached XP level 4. HP: 14/24 MP: 10/12
  3517 | D:2      | Learned a level 4 spell: Petrify
  3597 | D:3      | Found Nontask's Antique Weapon Shop.
  4037 | D:3      | Reached skill level 5 in Spellcasting
  4146 | D:3      | Reached XP level 5. HP: 28/28 MP: 10/14
  4315 | D:3      | Reached skill level 5 in Earth Magic
  4956 | D:4      | Reached skill level 6 in Spellcasting
  4956 | D:4      | Reached XP level 6. HP: 25/32 MP: 13/17
  5396 | D:4      | Reached skill level 7 in Spellcasting
  5396 | D:4      | Reached XP level 7. HP: 36/36 MP: 13/19
  5452 | D:4      | Found a broken altar of Ashenzari.
  5728 | D:4      | Found Umemiosk's Magic Scroll Shoppe.
  5736 | D:4      | Bought a scroll of identify for 20 gold pieces
  5784 | D:4      | Found an iron altar of Okawaru.
  5947 | D:5      | Entered Level 5 of the Dungeon
  5962 | D:5      | Noticed Duvessa
  5962 | D:5      | Noticed Dowan
  6026 | D:5      | Reached skill level 8 in Spellcasting
  6036 | D:5      | Killed Dowan
  6212 | D:5      | Reached skill level 1 in Conjurations
  6370 | D:5      | Reached XP level 8. HP: 41/41 MP: 19/22
  6416 | D:5      | Found a sand-covered staircase.
  6425 | Ossuary  | Entered an ossuary
  6624 | Ossuary  | Reached skill level 9 in Spellcasting
  7942 | D:5      | Killed Duvessa
  8180 | D:6      | Reached skill level 10 in Spellcasting
  8307 | D:6      | Found a shimmering blue altar of Sif Muna.
  8336 | D:6      | Became a worshipper of Sif Muna the Loreminder
  8409 | D:6      | Reached skill level 1 in Invocations
  8501 | D:6      | Found a snail-covered altar of Cheibriados.
  8637 | D:6      | Reached XP level 9. HP: 46/46 MP: 12/25
  8719 | D:6      | Reached skill level 1 in Fighting
  8752 | D:6      | Found a staircase to the Ecumenical Temple.
  9031 | D:6      | Identified the +1 robe of the Lizard {Str+4 Int+4}
  9040 | D:6      | Found a sacrificial altar of Ru.
  9182 | D:7      | Noticed a cyclops
  9183 | D:7      | Found an opulent altar of Gozag.
  9183 | D:7      | Noticed a deep elf pyromancer
  9185 | D:7      | Noticed a death knight
  9190 | D:7      | Found a transporter.
  9192 | D:7      | Noticed a two-headed ogre
  9199 | D:7      | Found a transporter.
  9232 | D:7      | Reached skill level 11 in Spellcasting
  9558 | D:7      | Reached * piety under Sif Muna
  9665 | D:7      | Found a runed translucent door.
  9666 | D:7      | Noticed Crazy Yiuf
 10369 | D:7      | Reached skill level 5 in Conjurations
 10471 | D:7      | Killed Crazy Yiuf
 10545 | D:8      | Reached skill level 12 in Spellcasting
 10963 | D:8      | Found a sparkling altar of Nemelex Xobeh.
 11090 | D:8      | Reached XP level 10. HP: 56/56 MP: 14/28
 11178 | D:8      | Found an ancient bone altar of Kikubaaqudgha.
 11202 | D:8      | Reached ** piety under Sif Muna
 11841 | D:8      | Found a hazy altar of Hepliaklqana.
 11923 | D:8      | Found a glowing golden altar of the Shining One.
 12058 | D:9      | Noticed a two-headed ogre
 12063 | D:9      | Killed a two-headed ogre
 12064 | D:9      | Reached skill level 13 in Spellcasting
 12659 | D:9      | Found a stormy altar of Qazlal.
 12689 | D:9      | Reached *** piety under Sif Muna
 12905 | D:9      | Found a staircase to the Orcish Mines.
 13145 | D:9      | Found a blossoming altar of Fedhas.
 13401 | D:9      | Identified the +7 long sword of a Labyrinth {pain, Str+3}
 13430 | D:10     | Entered Level 10 of the Dungeon
 13477 | D:10     | Found a staircase to the Lair.
 13500 | D:10     | Noticed Maurice
 13525 | D:10     | Killed Maurice
 13526 | D:10     | Reached skill level 5 in Invocations
 13698 | D:10     | Found an ornate altar of the Wu Jian Council.
 13705 | D:10     | Noticed an eight-headed hydra
 13790 | D:10     | Reached skill level 14 in Spellcasting
 14301 | D:10     | Found Inocs's Antique Weapon Emporium.
 14373 | D:10     | Slain by a six-headed hydra

Illustrated notes

Levels and vault maps discovered:
D:1:      lightli_arrival_statuegarden, layout_loops_corners
D:2:      layout_rooms, hellmonk_ecumenical_altar_arch_garden, minivault_25,
          grunt_ministairs_6, kennysheep_potato
D:3:      layout_loops_ring, serial_shops, nicolae_shop_stone
D:4:      layout_cave_pools, cheibrodos_ashenzari_chains,
          kennysheep_okawaru_gauntlet, serial_shops, shop
D:5:      layout_basic, serial_aquarium, aquarium_bridge_island_small
          [aquarium_subvault_small_open, aquarium_subvault_bridge,
          aquarium_subvault_bridge, aquarium_subvault_wall,
          aquarium_subvault_window], aquarium_bridge_straight
          [aquarium_subvault_bridge, aquarium_subvault_window,
          aquarium_subvault_bridge, aquarium_subvault_balcony],
          aquarium_window_fake, aquarium_window_corner, aquarium_window_1,
          aquarium_view_2e, aquarium_view_2b, aquarium_pool_2, enter_ossuary_1,
          kennysheep_windowed_goal, uniq_duvessa
D:6:      layout_cave_pools, lemuel_blue_sif_altar, kennysheep_slug_shrine,
          mainiacjoe_overflow_six_doors_small, minmay_temple_entry_purple_smoke
D:7:      layout_basic, gammafunk_temple_overflow_arena, uniq_crazy_yiuf_cottage
D:8:      layout_cave_pools, nemelex_xobeh_ov_fountains_minmay,
          nicolae_tso_besieged_by_evil, mainiacjoe_overflow_alcove_2,
          nicolae_hepliaklqana_monster_ancestors, minmay_misc_feat_nine_boxes,
          kennysheep_boxes
D:9:      layout_cave_pools, mainiacjoe_overflow_boulevard, fedhas_altar_2,
          hiddenorc2_lemuel
D:10:     layout_loops_ring, nicolae_wu_jian_wuxing_cycle, lair_entry_dummy,
          serial_shops, shop_statue, uniq_maurice

Skill      XL: |  1  2  3  4  5  6  7  8  9 10 |
---------------+-------------------------------+-----
Dodging        | 3 |  3.0
Stealth        | 3 |  3.0
Earth Magic    | 4 5 6 7 8 9 |  9.0
Spellcasting   | 4 5 6 7 8 10 12 14 | 14.3
Conjurations   | 1 3 5 7 |  7.0
Transmutations | 2 |  2.8
Invocations    | 1 3 5 |  5.1
Fighting       | 3 4 |  4.4
Long Blades    | |  0.4

Action                   |  1- 3 |  4- 6 |  7- 9 | 10-12 || total
-------------------------+-------+-------+-------+-------++-------
Melee: Dagger            |    11 |       |       |       ||    11
       Unarmed           |     3 |       |       |       ||     3
       Short sword       |    65 |    51 |       |       ||   116
       Whip              |       |    48 |    16 |       ||    64
       Long sword        |       |       |       |    17 ||    17
       Quarterstaff      |       |       |       |    14 ||    14
       Broad axe         |       |       |       |     2 ||     2
       Punch             |       |       |       |     1 ||     1
 Cast: Sandblast         |    36 |    32 |    61 |    44 ||   173
       Stone Arrow       |       |     3 |   147 |   112 ||   262
       Passwall          |       |       |     5 |       ||     5
       Petrify           |       |       |     4 |     2 ||     6
Evoke: Wand              |       |       |     4 |       ||     4
  Use: Scroll            |       |       |     9 |     2 ||    11
       Potion            |       |       |     2 |     2 ||     4
 Stab: Sleeping          |     7 |     7 |     2 |     1 ||    17
       Distracted        |       |     1 |       |       ||     1
       Petrified         |       |       |       |     7 ||     7
Armor: Robe              |    14 |    15 |     5 |    14 ||    48
Dodge: Dodged            |    51 |    63 |    35 |    43 ||   192
